 Dungeon Crawl Stone Soup version 0.31-a0-175-g9f7f995f2b (webtiles) character file.

Game seed: 12469625008019076574

555 qw the Chopper (level 7, -16/43 HPs)
             Began as a Gargoyle Fighter on June 17, 2023.
             Demolished by Duvessa
             ... wielding a +4 short sword of draining
              (19 damage)
             ... on level 5 of the Dungeon.
             The game lasted 00:02:02 (3620 turns).

qw the Chopper (Gargoyle Fighter)                   Turns: 3620, Time: 00:02:03

Health: -16/43     AC: 23    Str: 22    XL:     7   Next: 30%
Magic:  7/7        EV:  6    Int:  8    God:
Gold:   192        SH:  4    Dex:  9    Spells: 6/6 levels left

rFire   . . .        Y - +0 war axe
rCold   . . .        c - +0 buckler
rNeg    + . .        g - +4 plate armour "Sulor" {rElec Will+}
rPois   inf          (no helmet)
rElec   +            (no cloak)
rCorr   .            n - +1 pair of gloves
SInv    .            f - +0 pair of boots
Will    +....        (no amulet) Stlth
                     e - +4 ring of slaying {mikee}
HPRegen 0.27/turn    (no ring)
MPRegen 0.10/turn

%: no passive effects
@: no status effects
A: sickness immunity, AC +4, negative energy resistance 1, electricity
resistance, torment resistance 1, petrification resistance
a: no special abilities


You were on level 5 of the Dungeon.
You visited 1 branch of the dungeon, and saw 5 of its levels.

You collected 237 gold pieces.
You spent 45 gold pieces at shops.


Innate Abilities, Weirdness & Mutations

You are immune to sickness and miasma.
Your stone body is resilient. (AC +4)
You are immune to poison.
You resist negative energy. (rN+)
You are resistant to electric shocks. (rElec)
You are resistant to unholy torment.
You are immune to petrification.


   Skills:
 - Level 4.0 Fighting
 + Level 6.1 Axes
 - Level 4.0 Armour
 - Level 1.9 Dodging
 - Level 3.2 Shields


You had 6 spell levels left.
You didn't know any spells.
Your spell library was empty.

Inventory:

Hand Weapons
 o - a +0 flail
 Y - a +0 war axe (weapon)
Armour
 c - a +0 buckler (worn)
 f - a +0 pair of boots (worn)
 g - the +4 plate armour "Sulor" (worn) {rElec Will+}
   (You found it on level 3 of the Dungeon)

   rElec:     It insulates you from electricity.
   Will:      It increases your willpower.
 i - the +5 ring mail of the Indestructible God {rF+ Regen+ MP+9 Stlth-}
   (You found it on level 3 of the Dungeon)

   rF:        It protects you from fire.
   MP:        It affects your magic capacity (+9).
   Regen:     It increases your rate of health regeneration.
   Stlth:     It makes you less stealthy.
 n - a +1 pair of gloves (worn)
Jewellery
 e - a +4 ring of slaying (left hand) {mikee}
Scrolls
 m - 2 scrolls of identify
Potions
 a - 2 potions of curing
 d - a potion of might
 k - a potion of attraction

Dungeon Overview and Level Annotations

Branches:
Dungeon (5/15)
 Temple: D:4-7

Altars:
Sif Muna
Trog
Wu Jian

Shops:
D:2 [

Annotations:
D:4 1 runed translucent door, Crazy Yiuf
D:5 Duvessa, Sigmund


Message History

You slash Dowan! Sigmund hits you but does no damage.
Dowan hits you with a +1 dagger of holy wrath.
Duvessa hits you but does no damage.
You barely miss Dowan.
Dowan is moderately wounded.
You closely miss Duvessa.
Dowan hits you with a +1 dagger of holy wrath.
Duvessa hits you with a +4 short sword of draining.
Sigmund hits you but does no damage.
You slash Dowan!
Dowan is heavily wounded.
You slash Duvessa! Dowan hits you but does no damage.
Duvessa hits you but does no damage. Sigmund hits you but does no damage.
Duvessa hits you with a +4 short sword of draining.
Dowan hits you but does no damage.
You slice Dowan!!
You kill Dowan!
Duvessa weeps, and shakes her weapon.
Duvessa goes berserk!
You hit Duvessa.
Duvessa hits you with a +4 short sword of draining.
Your Armour skill increases to level 4!
You hit Duvessa but do no damage.
Duvessa is moderately wounded.
Duvessa completely misses you. Sigmund barely misses you.
Duvessa hits you with a +4 short sword of draining.
You barely miss Duvessa.
Duvessa is moderately wounded.
Duvessa hits you with a +4 short sword of draining.
Sigmund hits you but does no damage.
Duvessa hits you with a +4 short sword of draining.
You hit Duvessa.
Duvessa is heavily wounded.
Duvessa barely misses you. Sigmund hits you but does no damage.
Duvessa hits you with a +4 short sword of draining!
You slash Duvessa!
Duvessa is severely wounded.
Duvessa hits you with a +4 short sword of draining!!
You die...

#.#.# #.#.# #.#.# ###
###.#.# #... .....#
.....##....###..
#.@)e........ #@..#
##..# # #..# .#
##.###..# ..#
....(....# ###..
######...## ......
##.....## ##.# .#
#.......## ##..##.#
#.........####...#..#


You could see Duvessa (berserk) and Sigmund.

Vanquished Creatures
  2 black bears
  Dowan (D:5)
  A jelly (D:5)
  Ijyb (D:4)
  Jessica (D:2)
  Natasha (thrice) (D:2)
  7 adders
  An ufetubus (D:3)
  A dart slug (D:1)
  7 orcs
  2 bats
  3 endoplasms
  3 giant cockroaches
  9 goblins
  9 hobgoblins
  7 jackals (D:1)
  12 kobolds
  A quokka (D:5)
  8 ball pythons
  3 frilled lizards
  13 rats
95 creatures vanquished.

Notes
Turn   | Place    | Note
-------+----------+-------------------------------------------
     0 | D:1      | qw the Gargoyle Fighter began the quest for the Orb.
     0 | D:1      | Reached XP level 1. HP: 14/14 MP: 1/1
     0 | D:1      | 0 ||| qw: Version: 0.3-a-2-g5ab2908
     0 | D:1      | 0 ||| qw: Game counter: 100
     0 | D:1      | 0 ||| qw: Always use a shield: true
     0 | D:1      | 0 ||| qw: God list: Okawaru
     0 | D:1      | 0 ||| qw: Allow faded altars: false
     0 | D:1      | 0 ||| qw: Do Orc after D:15 true
     0 | D:1      | 0 ||| qw: Do second Lair branch before Depths: true
     0 | D:1      | 0 ||| qw: Lair rune preference: random
     0 | D:1      | 0 ||| qw: Plans: Normal, Zot:1-4, Slime:5, God:TSO, Crypt,
                  | Tomb, Abyss, Pan, Hells, Win
     0 | D:1      | 0 ||| PLANNING D:1-11
    68 | D:1      | Reached skill level 2 in Axes
   120 | D:1      | 120 ||| Stepping ~*~*~tactically~*~*~ (stealth).
   128 | D:1      | 128 ||| Stepping ~*~*~tactically~*~*~ (stealth).
   181 | D:1      | Reached XP level 2. HP: 17/19 MP: 2/2
   248 | D:1      | 248 ||| FLEEEEING.
   250 | D:1      | 250 ||| FLEEEEING.
   251 | D:1      | 251 ||| FLEEEEING.
   252 | D:1      | 252 ||| FLEEEEING.
   253 | D:1      | 253 ||| FLEEEEING.
   254 | D:1      | 254 ||| FLEEEEING.
   255 | D:1      | 255 ||| FLEEEEING.
   256 | D:1      | 256 ||| FLEEEEING.
   257 | D:1      | 257 ||| FLEEEEING.
   260 | D:1      | 260 ||| FLEEEEING.
   264 | D:1      | 264 ||| FLEEEEING.
   265 | D:1      | 265 ||| FLEEEEING.
   266 | D:1      | 266 ||| FLEEEEING.
   267 | D:1      | 267 ||| FLEEEEING.
   268 | D:1      | 268 ||| FLEEEEING.
   269 | D:1      | 269 ||| FLEEEEING.
   270 | D:1      | 270 ||| FLEEEEING.
   271 | D:1      | 271 ||| FLEEEEING.
   272 | D:1      | 272 ||| FLEEEEING.
   273 | D:1      | 273 ||| FLEEEEING.
   274 | D:1      | 274 ||| FLEEEEING.
   361 | D:1      | Reached skill level 3 in Axes
   441 | D:1      | Reached XP level 3. HP: 23/23 MP: 3/3
   443 | D:1      | 443 ||| DROPPING +0 club.
   449 | D:1      | 449 ||| Stepping ~*~*~tactically~*~*~ (stealth).
   513 | D:1      | 513 ||| Stepping ~*~*~tactically~*~*~ (stealth).
   574 | D:1      | 574 ||| Stepping ~*~*~tactically~*~*~ (stealth).
   724 | D:1      | 724 ||| UPGRADING to +0 pair of boots.
   729 | D:1      | 729 ||| READING scroll labelled LAN RICIAD.
   745 | D:1      | 745 ||| READING scroll labelled UFEMAE JANKI.
   783 | D:2      | 783 ||| Stepping ~*~*~tactically~*~*~ (stealth).
   830 | D:2      | Noticed Natasha
   834 | D:2      | Killed Natasha
   835 | D:2      | Reached XP level 4. HP: 28/28 MP: 4/4
   836 | D:2      | 836 ||| Stepping ~*~*~tactically~*~*~ (stealth).
   837 | D:2      | 837 ||| Stepping ~*~*~tactically~*~*~ (stealth).
   838 | D:2      | Noticed Jessica
   846 | D:2      | Killed Jessica
   847 | D:2      | Reached skill level 4 in Axes
   855 | D:2      | 855 ||| Stepping ~*~*~tactically~*~*~ (stealth).
   903 | D:2      | Noticed Natasha
   904 | D:2      | 904 ||| Stepping ~*~*~tactically~*~*~ (hiding).
   909 | D:2      | Killed Natasha
   910 | D:2      | Reached XP level 5. HP: 32/32 MP: 5/5
  1024 | D:2      | Noticed Natasha
  1034 | D:2      | Killed Natasha
  1126 | D:2      | Reached skill level 5 in Axes
  1126 | D:2      | 1126 ||| FLEEEEING.
  1130 | D:2      | 1130 ||| FLEEEEING.
  1131 | D:2      | 1131 ||| FLEEEEING.
  1263 | D:2      | Found a bloodstained altar of Trog.
  1589 | D:2      | Found Paiqiupt's Armour Boutique.
  1597 | D:2      | 1597 ||| BUYING +0 pair of gloves (45 gold).
  1597 | D:2      | Bought a +0 pair of gloves for 45 gold pieces
  1597 | D:2      | 1597 ||| SHOPLISTING +0 plate armour of poison resistance
                  | (270 gold, have 33).
  1597 | D:2      | 1597 ||| SHOPLISTING +0 ring mail of the Blessed Realm
                  | {rF+} (180 gold, have 33).
  1597 | D:2      | 1597 ||| SHOPLISTING +2 pair of boots (165 gold, have 33).
  1597 | D:2      | 1597 ||| SHOPLISTING +4 chain mail of fire resistance (315
                  | gold, have 33).
  1664 | D:2      | 1664 ||| UPGRADING to +0 pair of gloves.
  1669 | D:2      | 1669 ||| UPGRADING to +4 ring of slaying {mikee}.
  1670 | D:2      | 1670 ||| READING scroll labelled MIMI RUNNUDE.
  1671 | D:2      | 1671 ||| READING scroll labelled WAM DOCWUIDGHA.
  1672 | D:2      | 1672 ||| READING scroll labelled NYIRAA LUONT.
  1673 | D:2      | 1673 ||| DRINKING 2 murky coppery potions.
  1674 | D:2      | 1674 ||| DRINKING 2 red potions.
  1734 | D:3      | Noticed a black bear
  1742 | D:3      | Killed a black bear
  1743 | D:3      | Reached skill level 1 in Dodging
  1743 | D:3      | Reached XP level 6. HP: 38/38 MP: 6/6
  1744 | D:3      | Identified the +4 plate armour "Sulor" {rElec Will+}
  1754 | D:3      | 1754 ||| READING scroll of enchant armour.
  1754 | D:3      | 1754 ||| ENCHANTING +0 pair of gloves.
  1814 | D:3      | 1814 ||| Stepping ~*~*~tactically~*~*~ (stealth).
  1880 | D:3      | Found a shimmering blue altar of Sif Muna.
  1999 | D:3      | Found an ornate altar of the Wu Jian Council.
  2013 | D:3      | Identified the +5 ring mail of the Indestructible God {rF+
                  | Regen+ MP+9 Stlth-}
  2119 | D:3      | 2119 ||| Stepping ~*~*~tactically~*~*~ (hiding).
  2258 | D:3      | 2258 ||| UPGRADING to +4 plate armour "Sulor" {rElec
                  | Will+}.
  2268 | D:3      | 2268 ||| DROPPING +0 scale mail.
  2305 | D:4      | Noticed Ijyb
  2312 | D:4      | Killed Ijyb
  2727 | D:4      | Noticed a black bear
  2735 | D:4      | Killed a black bear
  2736 | D:4      | Reached XP level 7. HP: 43/43 MP: 7/7
  2860 | D:4      | 2860 ||| DROPPING +2 whip of holy wrath.
  2861 | D:4      | 2861 ||| DROPPING +0 mace.
  3089 | D:4      | 3089 ||| DROPPING +1 heavy hammer.
  3092 | D:4      | Found a runed translucent door.
  3093 | D:4      | Noticed Crazy Yiuf
  3262 | D:4      | 3262 ||| READING scroll labelled MUTAKHL MANWA.
  3263 | D:4      | 3263 ||| READING scroll labelled JAERCH BURUTYT.
  3264 | D:4      | 3264 ||| READING 2 scrolls labelled ROMNIT LOECHOD.
  3269 | D:4      | 3269 ||| READING scroll labelled PAEL LEOTEIDOMU.
  3270 | D:4      | 3270 ||| READING 3 scrolls of identify.
  3270 | D:4      | 3270 ||| IDENTIFYING viscous clear potion
  3316 | D:5      | Entered Level 5 of the Dungeon
  3347 | D:5      | HP: 9/43 [orc/+0 trident (3)]
  3348 | D:5      | 3348 ||| READING scroll of teleportation.
  3349 | D:5      | 3349 ||| DRINKING potion of heal wounds.
  3431 | D:5      | Reached skill level 6 in Axes
  3492 | D:5      | 3492 ||| Stepping ~*~*~tactically~*~*~ (stealth).
  3496 | D:5      | 3496 ||| Stepping ~*~*~tactically~*~*~ (stealth).
  3501 | D:5      | 3501 ||| Stepping ~*~*~tactically~*~*~ (stealth).
  3511 | D:5      | 3511 ||| Stepping ~*~*~tactically~*~*~ (stealth).
  3603 | D:5      | Noticed Sigmund
  3604 | D:5      | 3604 ||| Stepping ~*~*~tactically~*~*~ (stealth).
  3606 | D:5      | Noticed Duvessa
  3608 | D:5      | Noticed Dowan
  3616 | D:5      | Killed Dowan
  3619 | D:5      | HP: 3/43 [Duvessa/+4 short sword of draining (10)]
  3620 | D:5      | Demolished by Duvessa

Levels and vault maps discovered:
D:1:      dpeg_arrival_concentric_ovals, layout_rooms
D:2:      minmay_angry_zag, layout_loops_ring, serial_shops, shop, basic_altar,
          uniq_natasha, uniq_jessica
D:3:      layout_rooms, general_overflow_altar, mainiacjoe_overflow_alcove_1
D:4:      layout_basic, serial_rivers, chequers_serial_rivers_small_b,
          chequers_serial_rivers_small_a, chequers_serial_rivers_marsh,
          chequers_serial_rivers_small_b, chequers_serial_rivers_micro_c,
          minmay_fractal_squares_gapless_5, uniq_ijyb, uniq_crazy_yiuf_cottage
D:5:      layout_loops_corners, kennysheep_mini, mainiacjoe_overflow_alcove_2,
          serial_shops, shop, minmay_misc_feat_rows, lightli_corner_chamber,
          uniq_edmund, uniq_pikel, uniq_duvessa, uniq_sigmund, uniq_grinder

Skill      XL: |  1  2  3  4  5  6  7 |
---------------+----------------------+-----
Axes           | 2 3 4 5 6 |  6.1
Fighting       | 4 |  4.0
Dodging        | 1 |  1.9
Armour         | 4 |  4.0
Shields        | |  3.2

Action                     |  1- 3 |  4- 6 |  7- 9 || total
---------------------------+-------+-------+-------++-------
  Melee: War axe           |   102 |   123 |    48 ||   273
    Use: Scroll            |     2 |     4 |     6 ||    12
         Potion            |       |     2 |     1 ||     3
 Armour: Scale mail        |    49 |    53 |       ||   102
         Plate armour      |       |    15 |    45 ||    60
  Dodge: Dodged            |    40 |    63 |    10 ||   113
  Block: Buckler           |    10 |    31 |     6 ||    47

Table legend:
 A = Non-vault XP
 B = Vault XP
 C = Vault XP percentage of total XP
 D = Non-vault monster count
 E = Vault monster count
 F = Vault count percentage of total count
                 A         B        C        D         E       F
            +---------+---------+-------+---------+---------+-------
      Total |     604 |     189 |  23.8 |      88 |       7 |   7.4
            +---------+---------+-------+---------+---------+-------
        D:1 |      57 |       0 |   0.0 |      33 |       0 |   0.0
        D:2 |     137 |      74 |  35.1 |      21 |       3 |  12.5
        D:3 |     193 |       0 |   0.0 |      20 |       0 |   0.0
        D:4 |     147 |      43 |  22.6 |       6 |       3 |  33.3
        D:5 |      70 |      72 |  50.7 |       8 |       1 |  11.1
            +---------+---------+-------+---------+---------+-------
